 Dungeon Crawl Stone Soup version 0.29.1-15-g9cfb28693d (webtiles) character file.

Game seed: 384061237476279524

76 growler the Insei (level 4, -5/32 HPs)
             Began as a Merfolk Transmuter on Mar 21, 2023.
             Killed from afar by a white imp (8 damage)
             ... with a puff of frost
             ... summoned by Natasha
             ... on level 2 of the Dungeon.
             The game lasted 00:04:03 (1970 turns).

growler the Insei (Merfolk Transmuter)              Turns: 1970, Time: 00:04:04

Health: -5/32      AC:  2    Str: 10    XL:     4   Next: 32%
Magic:  8/8        EV: 12    Int: 14    God:
Gold:   61         SH:  0    Dex: 14    Spells: 2/8 levels left

rFire   . . .      SeeInvis .     - Unarmed
rCold   . . .      Faith    .   (no shield)
rNeg    . . .      Spirit   .   a - +0 robe
rPois   .          Reflect  .   (helmet currently unavailable)
rElec   .          Harm     .   (no cloak)
rCorr   .          Rampage  .   (no gloves)
Will    .....                   (boots currently unavailable)
Stlth   +.........              c - amulet of the acrobat
HPRegen 0.10/turn               (no ring)
MPRegen 0.11/turn               (no ring)

@: appendages
A: horns 2, (nimble swimmer 2), mertail
a: End Transformation


You were on level 2 of the Dungeon.
You had temporarily grown beastly horns.
You visited 1 branch of the dungeon, and saw 2 of its levels.

You collected 61 gold pieces.

Inventory:

Missiles
 d - 3 javelins
Armour
 a - a +0 robe (worn)
Jewellery
 c - an amulet of the acrobat (around neck)
 j - a +6 ring of strength
Scrolls
 f - a scroll of enchant weapon {unknown}
 g - a scroll of enchant armour {unknown}
 i - a scroll of immolation {unknown}
Potions
 b - a potion of lignification
 e - 5 potions of curing {unknown}
 h - a potion of attraction {unknown}


   Skills:
 - Level 1.1 Fighting
 - Level 2.6 Dodging
 + Level 4.2 Unarmed Combat
 + Level 2.8 Spellcasting
 - Level 4.0 Transmutations


You had 2 spell levels left.
You knew the following spells:

 Your Spells              Type           Power      Damage    Failure   Level
a - Beastly Appendage     Tmut           26%        N/A       4%          1
b - Wereblood             Tmut           13%        N/A       6%          2
c - Spider Form           Tmut/Pois      7%         N/A       28%         3

Your spell library contained the following spells:

 Spells                   Type           Power      Damage    Failure   Level
 Ice Form                 Ice/Tmut       7%         N/A       67%         4


Dungeon Overview and Level Annotations

Branches:
Dungeon (2/15)

Altars:

Annotations:
D:2 Natasha


Innate Abilities, Weirdness & Mutations

You have temporarily grown beastly horns.
((You are very nimble when in or above water. (Stealth+, EV+, Speed+++)))
Your lower body shifts to a powerful aquatic tail in water.


Message History

Found 5 stones.
You start resting.
Natasha is nearby!
You start resting.
HP restored.
Natasha mumbles some strange words.
You feel disoriented.
Casting: Beastly Appendage (safe; 4% risk of failure)
Confirm with . or Enter, or press ? or * to list all spells.
You grow a pair of large bovine horns.
You hit Natasha but do no damage. Your headbutt misses Natasha.
Natasha closely misses you.
You closely miss Natasha. You headbutt Natasha.
Natasha is moderately wounded.
Natasha barely misses you.
You hit Natasha. Your headbutt misses Natasha.
Natasha is heavily wounded.
Natasha claws you.
You hit Natasha but do no damage.
Natasha is heavily wounded.
Natasha casts a spell at you. The magic dart hits you!
You closely miss Natasha.
Natasha is heavily wounded.
You hit Natasha. You headbutt Natasha.
Natasha is almost dead.
Natasha claws you!
* * * LOW HITPOINT WARNING * * *
You barely miss Natasha.
Natasha is almost dead.
Natasha casts a spell.
You hit Natasha but do no damage.
Natasha is almost dead.
Natasha claws you.
* * * LOW HITPOINT WARNING * * *
You miss Natasha.
Natasha is almost dead.
The white imp gestures at you. The puff of frost hits you!
You die...

#.#.#.##..### #.#
#.#..#....... ..#
######.###.##..###
###
............$.h.#
............##.##
#######.##..# .#
#.##..# .# #.##5h#
(# ..##.@# .#
##.##..##.#
...........#
.......#####
########


You could see Natasha and a white imp (summoned).

Vanquished Creatures
  Natasha (D:2)
  2 dart slugs (D:2)
  2 endoplasms
  A giant cockroach (D:1)
  6 goblins (D:1)
  5 hobgoblins (D:1)
  11 jackals
  2 quokkas (D:1)
  3 ball pythons (D:1)
  3 bats (D:1)
  3 kobolds
  2 rats (D:2)
41 creatures vanquished.

Notes
Turn   | Place    | Note
-------+----------+-------------------------------------------
     0 | D:1      | growler the Merfolk Transmuter began the quest for the Orb.
     0 | D:1      | Reached XP level 1. HP: 15/15 MP: 3/3
   198 | D:1      | Reached XP level 2. HP: 13/21 MP: 5/5
   201 | D:1      | Learned a level 2 spell: Wereblood
   450 | D:1      | Found a faded altar of an unknown god.
  1025 | D:1      | Reached XP level 3. HP: 26/26 MP: 4/6
  1033 | D:1      | Learned a level 3 spell: Spider Form
  1796 | D:2      | Noticed Natasha
  1811 | D:2      | Killed Natasha
  1812 | D:2      | Reached XP level 4. HP: 17/32 MP: 8/8
  1895 | D:2      | Noticed Natasha
  1970 | D:2      | Killed from afar by a white imp

Illustrated notes

Levels and vault maps discovered:
D:1:      scummos_arrival_simple_fountains, layout_basic,
          ebering_ecumenical_altar_abandoned
D:2:      layout_loops_ring, uniq_natasha

Skill      XL: |  1  2  3 |
---------------+----------+-----
Transmutations | 3 4 |  4.0
Unarmed Combat | 4 |  4.2
Fighting       | |  1.1
Dodging        | |  2.6
Spellcasting   | |  2.8

Action                   |  1- 3 |  4- 6 || total
-------------------------+-------+-------++-------
Melee: Unarmed           |   123 |     9 ||   132
       Headbutt          |    16 |     2 ||    18
 Cast: Beastly Appendage |    23 |     1 ||    24
       Wereblood         |     3 |       ||     3
Armor: Robe              |    16 |       ||    16
Dodge: Dodged            |    95 |     2 ||    97
